 Dungeon Crawl Stone Soup version 0.29-a0-92-gee772dd00f (webtiles) character file.

Game seed: 18439497400198372793

60070 drugrobin the Basher (level 14, -1/129 HPs)
             Began as a Demigod Warper on Feb 8, 2022.
             Slain by a goliath frog (14 damage)
             ... on level 2 of the Swamp on Feb 10, 2022.
             The game lasted 01:10:41 (22901 turns).

drugrobin the Basher (Demigod Warper)              Turns: 22901, Time: 01:10:42

Health: -1/129     AC: 21    Str: 20    XL:     14   Next: 20%
Magic:  0/29       EV: 11    Int: 19    God:
Gold:   919        SH: 16    Dex: 25    Spells: 8/16 levels left

rFire   . . .      SeeInvis .   a - +11 mace of Sunlight {vorpal, MP+9 Dex+2 Stlth+}
rCold   . . .      Faith    .   L - +2 kite shield {AC+3}
rNeg    . . .      Spirit   +   l - quicksilver dragon scales
rPois   .          Reflect  .   u - +1 helmet
rElec   .          Harm     +   T - scarf {harm}
rCorr   .          Rampage  .   (no gloves)
Will    ++...                   f - +2 pair of boots
Stlth   ++........              A - amulet of guardian spirit
HPRegen 0.31/turn               U - +6 ring of dexterity
MPRegen 0.21/turn               y - +4 ring of protection

@: hasted, studying Axes, very quick
A: high MP 1, forlorn, divine attributes
a: no special abilities


You were on level 2 of the Swamp.
You visited 4 branches of the dungeon, and saw 18 of its levels.
You also visited: Ossuary.

You collected 1260 gold pieces.
You spent 341 gold pieces at shops.

Inventory:

Hand Weapons
 a - the +11 mace of Sunlight (weapon) {vorpal, MP+9 Dex+2 Stlth+}
   (You found it on level 2 of the Dungeon)

   It inflicts extra damage upon your enemies.
   Dex:       It affects your dexterity (+2).
   MP:        It affects your magic capacity (+9).
   Stlth:     It makes you more stealthy.
 b - a +0 hunting sling of venom
 k - a +0 spear
Missiles
 e - 6 javelins (quivered)
 j - 84 sling bullets
 E - 7 curare-tipped darts
 M - 5 silver javelins
 O - 10 poisoned darts
Armour
 f - a +2 pair of boots (worn)
 l - quicksilver dragon scales (worn)
 u - a +1 helmet (worn)
 H - a +1 leather armour of fire resistance
 K - a +1 leather armour of poison resistance
 L - a +2 kite shield of protection (worn)
 S - a +3 chain mail of fire resistance
 T - a scarf of harm (worn)
Jewellery
 p - a ring of flight
 r - a ring of wizardry
 w - a ring of see invisible
 y - a +4 ring of protection (right hand)
 A - an amulet of guardian spirit (around neck)
 P - a ring of protection from cold
 U - a +6 ring of dexterity (left hand)
Wands
 J - a wand of flame (39)
 N - a wand of paralysis (6)
 R - a wand of iceblast (5)
Scrolls
 g - 2 scrolls of teleportation
 i - 2 scrolls of magic mapping
 n - 2 scrolls of vulnerability
 o - 2 scrolls of summoning
 q - a scroll of holy word
 t - 3 scrolls of identify
 v - a scroll of brand weapon
 D - a scroll of fog
 G - a scroll of amnesia
Potions
 c - a potion of ambrosia {unknown}
 d - 5 potions of curing
 h - 4 potions of haste
 m - 3 potions of brilliance
 s - 3 potions of berserk rage
 x - a potion of resistance
 z - 4 potions of invisibility
 C - a potion of lignification
 F - a potion of magic
 I - a potion of heal wounds
 Q - a potion of cancellation
Miscellaneous
 B - a box of beasts


   Skills:
 + Level 13.5 Fighting
 - Level 14.0 Maces & Flails
 - Level 3.0 Polearms
 - Level 0.8 Throwing
 - Level 1.1 Armour
 - Level 2.0 Dodging
 + Level 12.0 Shields
 - Level 1.7 Spellcasting
 - Level 5.9 Translocations
 - Level 4.7 Evocations


You had 8 spell levels left.
You knew the following spells:

 Your Spells              Type           Power      Damage    Failure   Level
a - Blink                 Tloc           48%        N/A       8%          2
b - Teleport Other        Tloc           24%        N/A       16%         3
c - Gell's Gravitas       Tloc           24%        N/A       16%         3

Your spell library contained the following spells:

 Spells                   Type           Power      Damage    Failure   Level
 Lesser Beckoning         Tloc           24%        N/A       16%         3
 Passage of Golubria      Tloc           24%        N/A       45%         4
 Magic Dart               Conj           4%         1d3       52%         1
 Call Imp                 Summ           1%         N/A       65%         2
 Corpse Rot               Necr/Air       2%         N/A       65%         2
 Ensorcelled Hibernation  Hex/Ice        2%         N/A       65%         2
 Searing Ray              Conj           2%         2d4       65%         2
 Manifold Assault         Tloc           24%        N/A       82%         5
 Conjure Flame            Conj/Fire      1%         6-21      87%         3
 Dazzling Flash           Conj/Hex       2%         N/A       87%         3
 Ignite Poison            Fire/Tmut/Pois 1%         N/A       87%         3
 Mephitic Cloud           Conj/Pois/Air  1%         N/A       87%         3
 Spider Form              Tmut/Pois      1%         N/A       87%         3
 Tukima's Dance           Hex            1%         N/A       87%         3
 Anguish                  Hex/Necr       0%         N/A       99%         4
 Dispel Undead            Necr           1%         3d6       99%         4
 Fulminant Prism          Conj/Hex       0%         3d6       99%         4
 Sticky Flame             Conj/Fire      1%         2d3       99%         4
 Summon Ice Beast         Ice/Summ       1%         N/A       99%         4
 Agony                    Necr           1%         N/A       100%        5
 Silence                  Hex/Air        0%         N/A       100%        5
 Summon Mana Viper        Hex/Summ       1%         N/A       100%        5
 Yara's Violent Unravell  Hex/Tmut       0%         3d3       100%        5
 Death Channel            Necr           0%         N/A       100%        6
 Enfeeble                 Hex            0%         N/A       100%        7
 Monstrous Menagerie      Summ           0%         N/A       100%        7


Dungeon Overview and Level Annotations

Branches:
Dungeon (9/15)             Temple (1/1) D:5            Lair (6/6) D:9
  Swamp (2/4) Lair:4       Spider (0/4) Lair:2        Slime (0/5) Lair:5
Ossuary (visited)
    Orc: D:9-12

Shops:
D:8 *

Annotations:
Lair:3 2 transporters
Lair:6 3 runed translucent doors, exclusion: 3 doors, Theoretic's ghost, journeyman GnWn; siradein's ghost, journeyman DDBe


Innate Abilities, Weirdness & Mutations

You have an increased reservoir of magic. (+10% MP)
You shall have no god before yourself.
Your divine heritage dramatically boosts your attributes as you level up.


Message History

You block the goliath frog's attack. The swamp worm bites you.
* * * LOW HITPOINT WARNING * * *
You block the swamp dragon's attack.
The swamp dragon claws you but does no damage.
The swamp dragon closely misses you.
Unknown command.
Unknown command.
You sock the swamp dragon!
You kill the swamp dragon!
The swamp dragon scales are intact enough to wear.
The swamp worm bites you but does no damage.
You block the goliath frog's attack.
Unknown command.
Unknown command.
You hit the swamp worm but do no damage.
The swamp worm bites you but does no damage. x2
Unknown command.
You miss the swamp worm.
The swamp worm is moderately wounded.
You block the goliath frog's attack. The swamp worm bites you.
* * * LOW HITPOINT WARNING * * *
Unknown command.
Unknown command.
You miss the swamp worm.
The swamp worm is moderately wounded.
You block the swamp worm's attack.
Unknown command.
Unknown command.
You barely miss the swamp worm.
The swamp worm is moderately wounded.
The goliath frog hits you but does no damage.
The swamp worm bites you but does no damage.
The swamp worm bites you.
* * * LOW HITPOINT WARNING * * *
Unknown command.
Unknown command.
You closely miss the swamp worm.
The swamp worm is moderately wounded.
The goliath frog hits you from afar!
You die...

§.♣♣♣.§≈≈≈°≈≈°≈≈≈≈≈≈..≈≈...
≈..†..≈≈≈≈≈§≈≈≈≈≈.≈≈≈≈≈§...
≈..≈.§≈≈≈≈≈≈≈§§≈≈≈(≈≈≈..≈.♣
.≈≈≈≈≈≈≈≈≈..[.≈≈≈≈≈(≈♣♣♣.♣
.....≈≈≈≈≈≈.≈$≈≈§≈...♣§.
.♣♣.≈≈≈≈≈≈..♣.≈≈≈...§...♣
.♣♣♣.≈≈≈≈..≈♣≈§≈≈F..♣♣..♣
≈♣ ≈....♣♣♣♣♣≈.$[....♣♣.♣
♣♣ ≈...♣≈ ♣..≈@w..≈.<.♣ .♣♣
♣.≈≈≈≈w....≈≈<
♣≈.≈≈≈≈≈≈≈≈..≈≈ ≈
♣.≈≈≈≈≈≈≈≈≈§..≈.
♣.≈≈≈≈.≈.≈≈≈≈≈≈
♣♣♣♣♣♣♣♣.≈≈≈≈≈≈ >≈≈≈≈..
♣≈≈≈..≈


You could see a goliath frog and 2 swamp worms.

Vanquished Creatures
  2 bunyips (Swamp:1)
  A boulder beetle (Lair:6)
  7 hydras
  2 catoblepae
  A two-headed ogre (D:9)
  An alligator (Swamp:2)
  11 death yaks
  Urug (Lair:4)
  Sonja (Lair:2)
  A goliath frog (Swamp:1)
  An orb spider (Lair:2)
  A spriggan druid (Lair:4)
  A swamp dragon (Swamp:2)
  An oklob plant (Lair:4)
  12 elephants
  5 black mambas
  A torpor snail (Lair:6)
  7 cane toads
  10 rime drakes
  8 komodo dragons
  31 blink frogs
  7 polar bears
  8 hornets
  2 tyrant leeches (Lair:4)
  8 dream sheep (Lair:6)
  7 wyverns
  A wraith (D:9)
  15 spriggans
  Eustachio (D:5)
  2 humans (D:8)
  24 yaks
  3 vampire mosquitoes (Lair:4)
  14 basilisks
  A steam dragon (D:8)
  4 swamp worms
  16 water moccasins
  2 orc warriors (D:9)
  2 swamp drakes (Swamp:1)
  7 black bears
  A necrophage (D:5)
  4 boggarts (Lair:6)
  3 ogres
  22 wolves
  2 centaurs
  13 bullfrogs
  A gnoll sergeant (D:8)
  5 scorpions
  A water moccasin skeleton (D:4)
  4 killer bees (D:7)
  3 wights (D:8)
  3 electric eels
  5 howler monkeys
  A centaur zombie (D:9)
  5 hounds
  A human zombie (Ossuary)
  A bullfrog zombie (D:6)
  3 jellies
  2 bullfrog skeletons (D:6)
  2 orc priests
  3 centaur skeletons (D:7)
  5 orc wizards
  5 iguanas
  A scorpion zombie (D:5)
  10 hell rats
  3 mummies (Ossuary)
  A howler monkey zombie (D:8)
  Robin (D:2)
  5 gnolls (D:8)
  A howler monkey skeleton (D:6)
  3 adders
  2 adder zombies (Ossuary)
  5 dart slugs
  23 orcs
  7 endoplasms
  3 giant cockroaches
  11 goblins
  5 hobgoblins
  4 jackals (D:1)
  2 quokkas
  8 ball pythons
  6 bats
  A gnoll zombie (Ossuary)
  3 goblin zombies (Ossuary)
  6 hobgoblin zombies (Ossuary)
  3 kobolds
  A kobold zombie (Ossuary)
  A quokka zombie (Ossuary)
  5 rats
  3 rat zombies (Ossuary)
449 creatures vanquished.

Vanquished Creatures (others)
  A bloated husk (Swamp:1)
  A swamp drake (Swamp:1)
  A bush (Lair:6)
  53 fungi
  59 plants
  6 withered plants (Lair:6)
121 creatures vanquished.

Grand Total: 570 creatures vanquished

Notes
Turn   | Place    | Note
-------+----------+-------------------------------------------
     0 | D:1      | drugrobin the Demigod Warper began the quest for the Orb.
     0 | D:1      | Reached XP level 1. HP: 17/17 MP: 5/5
   567 | D:1      | Upgraded the game from 0.29-a0-91-gdebf4667c2 to
                  | 0.29-a0-92-gee772dd00f
   629 | D:1      | Reached XP level 2. HP: 17/24 MP: 7/7
   637 | D:1      | Learned a level 2 spell: Blink
  1350 | D:2      | Noticed Robin
  1413 | D:2      | Identified the +11 mace of Sunlight {vorpal, MP+9 Dex+2
                  | Stlth+}
  1512 | D:2      | Reached XP level 3. HP: 20/29 MP: 8/8
  1818 | D:2      | Reached skill level 1 in Maces & Flails
  2518 | D:3      | Learned a level 3 spell: Teleport Other
  2539 | D:3      | Reached skill level 2 in Maces & Flails
  2539 | D:3      | Reached XP level 4. HP: 36/36 MP: 9/9
  3436 | D:2      | Killed Robin
  3790 | D:4      | Reached skill level 3 in Maces & Flails
  3790 | D:4      | Reached XP level 5. HP: 42/44 MP: 10/10
  4247 | D:4      | Reached skill level 4 in Maces & Flails
  4247 | D:4      | Reached XP level 6. HP: 38/51 MP: 11/11
  5268 | D:5      | Entered Level 5 of the Dungeon
  5323 | D:5      | Found a staircase to the Ecumenical Temple.
  5753 | D:5      | Reached skill level 5 in Maces & Flails
  5908 | D:5      | Reached XP level 7. HP: 55/59 MP: 11/12
  6321 | D:5      | Reached skill level 6 in Maces & Flails
  6496 | Temple   | Entered the Ecumenical Temple
  6524 | D:6      | Noticed Eustachio
  6543 | D:5      | Killed Eustachio
  6651 | D:6      | Reached skill level 5 in Fighting
  6750 | D:6      | Reached XP level 8. HP: 56/68 MP: 13/13
  6935 | D:6      | Reached skill level 7 in Maces & Flails
  7112 | D:6      | You are sucked into a shaft and drop 2 floors!
  7354 | D:7      | Reached skill level 8 in Maces & Flails
  7510 | D:7      | Found a sand-covered staircase.
  7519 | Ossuary  | Entered an ossuary
  8287 | D:7      | Reached skill level 9 in Maces & Flails
  8287 | D:7      | Reached XP level 9. HP: 78/78 MP: 14/14
  8579 | D:8      | Found Qalafos's General Store.
  8588 | D:8      | Bought a ring of see invisible for 165 gold pieces
  8588 | D:8      | Bought a +1 leather armour of poison resistance for 121
                  | gold pieces
  8588 | D:8      | Bought a potion of heal wounds for 55 gold pieces
  9260 | D:9      | Reached skill level 10 in Maces & Flails
  9339 | D:9      | Reached skill level 1 in Shields
  9645 | D:9      | Noticed a two-headed ogre
  9671 | D:9      | Killed a two-headed ogre
  9840 | D:9      | Reached XP level 10. HP: 83/88 MP: 15/15
 10042 | D:9      | Found a staircase to the Lair.
 10052 | Lair:1   | Entered Level 1 of the Lair of Beasts
 10439 | Lair:1   | Reached skill level 11 in Maces & Flails
 10573 | Lair:1   | Noticed a black mamba
 10579 | Lair:1   | Noticed a black mamba
 10586 | Lair:1   | Killed a black mamba
 10587 | Lair:1   | Reached skill level 5 in Shields
 10591 | Lair:1   | Killed a black mamba
 11099 | Lair:2   | Reached XP level 11. HP: 95/97 MP: 17/17
 11674 | Lair:2   | Reached skill level 10 in Fighting
 11700 | Lair:2   | Reached skill level 12 in Maces & Flails
 12016 | Lair:2   | Noticed Sonja
 12054 | Lair:2   | Killed Sonja
 12142 | Lair:2   | Found a hole to the Spider Nest.
 12142 | Lair:2   | Noticed an orb spider
 12148 | Lair:2   | Killed an orb spider
 12176 | Lair:2   | Noticed a death yak
 12177 | Lair:2   | Noticed a death yak
 12192 | Lair:2   | Killed a death yak
 12196 | Lair:2   | Noticed a death yak
 12196 | Lair:2   | Noticed a death yak
 12196 | Lair:2   | Noticed a death yak
 12202 | Lair:2   | Killed a death yak
 12229 | Lair:2   | Killed a death yak
 12239 | Lair:2   | Killed a death yak
 12248 | Lair:2   | Killed a death yak
 12832 | Lair:3   | You are sucked into a shaft and drop 2 floors!
 12849 | Lair:5   | Reached XP level 12. HP: 103/108 MP: 16/18
 13114 | Lair:3   | Found a transporter.
 13114 | Lair:3   | Found a transporter.
 13114 | Lair:3   | Noticed a boulder beetle
 13114 | Lair:3   | Noticed a boulder beetle
 13753 | Lair:4   | Reached skill level 13 in Maces & Flails
 13804 | Lair:4   | Noticed a catoblepas
 13824 | Lair:4   | Killed a catoblepas
 13860 | Lair:4   | Noticed an eight-headed hydra
 14360 | Lair:4   | Found a staircase to the Swamp.
 14386 | Lair:4   | Noticed a four-headed hydra
 14396 | Lair:4   | Killed a four-headed hydra
 14440 | Lair:4   | Killed an eight-headed hydra
 14728 | Lair:4   | Noticed Urug
 14746 | Lair:4   | Killed Urug
 15792 | Lair:5   | Reached skill level 1 in Evocations
 16127 | Lair:5   | Noticed a four-headed hydra
 16139 | Lair:5   | Killed a four-headed hydra
 16140 | Lair:5   | Reached skill level 10 in Shields
 16140 | Lair:5   | Reached XP level 13. HP: 93/118 MP: 16/19
 16438 | Lair:5   | Reached skill level 14 in Maces & Flails
 16661 | Lair:5   | Found a staircase to the Slime Pits.
 17139 | Lair:6   | Entered Level 6 of the Lair of Beasts
 17678 | Lair:6   | Found a runed translucent gate.
 17678 | Lair:6   | Found a runed translucent gate.
 17679 | Lair:6   | Found a runed translucent gate.
 17682 | Lair:6   | Noticed siradein's ghost (journeyman DDBe)
 17682 | Lair:6   | Noticed Theoretic's ghost (journeyman GnWn)
 17818 | Lair:6   | Reached skill level 1 in Armour
 20291 | Lair:6   | Reached skill level 5 in Translocations
 20307 | Lair:6   | Learned a level 3 spell: Gell's Gravitas
 20661 | Swamp:1  | Entered Level 1 of the Swamp
 20661 | Swamp:1  | Noticed a bunyip
 20683 | Swamp:1  | Killed a bunyip
 20684 | Swamp:1  | Reached XP level 14. HP: 104/129 MP: 19/20
 22901 | Swamp:2  | Slain by a goliath frog

Illustrated notes

Levels and vault maps discovered:
D:1:      psy_arrival_conway, layout_loops_cross, bh_walls_and_bars
D:2:      layout_loops_ring, hellmonk_ecumenical_altar_zigzags, uniq_robin
D:3:      layout_basic
D:4:      layout_basic, grunt_temple_overflow_cloverleaf, st_stairs_11
D:5:      layout_gridville, minmay_temple_entry_arrows
D:6:      layout_loops_ring, uniq_eustachio
D:7:      layout_rooms, lightli_ossuary_entry_decrepit_ruins,
          grunt_decor_arrowhead
D:8:      layout_basic, okawaru_humans, lemuel_doored_altar, serial_shops, shop
D:9:      layout_loops_ring, general_overflow_altar,
          grunt_lair_entry_orc_guard_hut, serial_rivers,
          chequers_serial_rivers_micro_e, chequers_serial_rivers_micro_a,
          chequers_serial_rivers_micro_c, chequers_serial_rivers_room_a,
          chequers_serial_rivers_micro_c
Temple:   minmay_temple_curvy_branch
Lair:1:   layout_roguey
Lair:2:   layout_regular_city, nicolae_spider_entry_orb_guardian,
          serial_bayou_shore_a, uniq_sonja
Lair:3:   gammafunk_boulding_lane, layout_cave_pods,
          chequers_serial_rivers_micro_c, infiniplex_staircase_pool_2,
          grunt_megastairs_3
Lair:4:   layout_loops_ring, swamp_mist_pool, special_room
          [special_room_mythical_zoo], cheibrodos_lair_lostbears,
          infiniplex_staircase_pool, uniq_urug
Lair:5:   layout_regular_city, dpeg_slime_entry_corner,
          kennysheep_basilisk_garden
Lair:6:   minmay_lair_end_enchanted_forest, layout_long_grid,
          gammafunk_ghost_cemetery
Swamp:1:  layout_falls_marsh, evilmike_swamp_ruin_house_5
Swamp:2:  layout_basic_swamp, nicolae_swamp_little_swirl, uniq_nikola

Skill      XL: |  1  2  3  4  5  6  7  8  9 10 11 12 13 14 |
---------------+-------------------------------------------+-----
Polearms       | 2 3 |  3.0
Maces & Flails | 2 3 4 5 6 9 10 11 12 13 14 | 14.0
Fighting       | 2 3 4 5 6 8 9 10 12 13 | 13.5
Shields        | 3 5 8 10 11 12 | 12.0
Evocations     | 2 4 |  4.7
Armour         | 1 |  1.1
Dodging        | 2 |  2.0
Translocations | 5 |  5.9
Throwing       | |  0.8
Spellcasting   | |  1.7

Action                   |  1- 3 |  4- 6 |  7- 9 | 10-12 | 13-15 || total
-------------------------+-------+-------+-------+-------+-------++-------
Melee: Spear             |    76 |       |       |       |       ||    76
       Punch             |     2 |       |       |       |       ||     2
       Mace              |    36 |    74 |   242 |   578 |   540 ||  1470
 Fire: Hunting sling     |       |     7 |    16 |    84 |    98 ||   205
Throw: Boomerang         |     9 |    25 |    24 |    11 |       ||    69
       Javelin           |       |       |     2 |    10 |     4 ||    16
       Throwing net      |       |       |       |     2 |       ||     2
       Dart              |       |       |       |     4 |     3 ||     7
 Cast: Blink             |       |       |       |       |     1 ||     1
Evoke: Wand              |       |       |       |       |     4 ||     4
       Box of beasts     |       |       |       |       |     1 ||     1
  Use: Potion            |     1 |       |     1 |       |     6 ||     8
       Scroll            |       |     2 |    17 |     7 |     5 ||    31
 Stab: Sleeping          |     1 |     1 |       |     2 |     1 ||     5
       Held in net/web   |       |       |       |     3 |       ||     3
       Petrified         |       |       |       |     2 |       ||     2
       Distracted        |       |       |       |     1 |     1 ||     2
       Paralysed         |       |       |       |       |     3 ||     3
Armor: Leather armour    |    30 |     4 |    10 |     6 |       ||    50
       Chain mail        |       |    19 |     8 |       |       ||    27
       Quicksilver drago |       |       |    67 |   183 |   222 ||   472
Dodge: Dodged            |    51 |    24 |   104 |   159 |   179 ||   517
Block: Buckler           |       |       |    27 |       |       ||    27
       Kite shield       |       |       |    13 |   331 |   415 ||   759

Table legend: (Time is in decaauts)
 A = Elapsed time spent in this place.
 B = Non-inter-level travel time spent in this place.
 C = Inter-level travel time spent in this place.
 D = Time resting spent in this place.
 E = Time spent auto-exploring this place.
 F = Levels seen in this place.
 G = Mean time per level.
                   A        B        C        D        E       F      G
               +--------+--------+--------+--------+--------+-----+--------+
         Total |  22954 |  22046 |    908 |   4728 |  12107 |  19 | 1208.1 |
       Dungeon |   9950 |   9310 |    640 |   1492 |   5773 |   9 | 1105.6 |
        Temple |      1 |      1 |      0 |      0 |      0 |   1 |    1.0 |
          Lair |  11951 |  11714 |    237 |   3197 |   5870 |   6 | 1991.8 |
         Swamp |    892 |    862 |     30 |     39 |    462 |   2 |  446.0 |
       Ossuary |    157 |    157 |      0 |      0 |      2 |   1 |  157.0 |
               +--------+--------+--------+--------+--------+-----+--------+

Top non-repeatable levels by time:
  Lair:4: 3245 daAuts
  Lair:6: 2804 daAuts
  Lair:5: 2116 daAuts
  Lair:2: 1774 daAuts
     D:1: 1643 daAuts
     D:4: 1641 daAuts
  Lair:3: 1192 daAuts
     D:5: 1186 daAuts
     D:2: 1162 daAuts
     D:3: 1049 daAuts
     D:6: 956 daAuts
     D:8: 913 daAuts
     D:9: 832 daAuts
  Lair:1: 817 daAuts
 Swamp:1: 741 daAuts
